 Dungeon Crawl Stone Soup version 0.30-a0-778-g2ef04afb54 (webtiles) character file.

Game seed: 3854398639161955178

32 CowFu the Ruffian (level 3, -5/33 HPs)
             Began as a Ghoul Monk on Feb 15, 2023.
             Slain by Sigmund
             ... wielding a +0 scythe
              (12 damage)
             ... on level 2 of the Dungeon.
             The game lasted 00:01:28 (770 turns).

CowFu the Ruffian (Ghoul Monk)                       Turns: 770, Time: 00:01:28

Health: -5/33      AC:  2    Str: 16    XL:     3   Next: 25%
Magic:  2/2        EV: 12    Int:  5    God:
Gold:   87         SH:  0    Dex: 11    Spells: 2/2 levels left

rFire   + . .      SeeInvis .      - Unarmed
rCold   + + .      Faith    +    (no shield)
rNeg    + + +      Spirit   .    a - +0 robe
rPois   ∞          Reflect  .    (no helmet)
rElec   +          Harm     .    (no cloak)
rCorr   +          Rampage  .    (no gloves)
Will    .....                    (no boots)
Stlth   +                        g - amulet of faith
HPRegen 0.00/turn                (no ring)
MPRegen 0.08/turn                (no ring)

@: confused, resistant, inhibited regen
A: claws 1, cold resistance 1, negative energy resistance 3, inhibited
regeneration, torment resistance 2, devour on kill
a: no special abilities


You were on level 2 of the Dungeon.
You visited 1 branch of the dungeon, and saw 2 of its levels.

You collected 87 gold pieces.

Inventory:

Armour
 a - a +0 robe (worn)
Jewellery
 g - an amulet of faith (around neck)
Scrolls
 c - 2 scrolls of teleportation {unknown}
 d - 2 scrolls of identify {unknown}
 h - 2 scrolls of fear {unknown}
 j - a scroll of immolation {unknown}
Potions
 i - a potion of curing {unknown}
 k - a potion of flight {unknown}


   Skills:
 + Level 3.6 Fighting
 + Level 1.0 Armour
 + Level 3.0 Dodging
 - Level 2.1 Stealth
 + Level 3.7 Unarmed Combat


You had 2 spell levels left.
You didn't know any spells.
Your spell library contained the following spells:

 Spells                   Type           Power      Damage    Failure   Level
 Scorch                   Fire           0%         2d5       63%         2
 Flame Wave               Conj/Fire      0%         2d4       99%         4
 Summon Cactus Giant      Summ           0%         N/A       100%        6


Dungeon Overview and Level Annotations

Branches:
Dungeon (2/15)

Altars:

Annotations:
D:2 Sigmund


Innate Abilities, Weirdness & Mutations

You are immune to poison.
You have sharp fingernails.
Your flesh is cold resistant. (rC+)
You are immune to negative energy. (rN+++)
You do not regenerate when monsters are visible.
You are immune to unholy pain and torment.
You thrive by killing the living.


Message History

Sigmund closely misses you.
You scratch Sigmund but do no damage.
Sigmund is heavily wounded.
You barely miss Sigmund.
Sigmund is heavily wounded.
Sigmund hits you but does no damage.
You barely miss Sigmund.
Sigmund is heavily wounded.
Sigmund barely misses you.
You scratch Sigmund.
Sigmund is heavily wounded.
You closely miss Sigmund.
Sigmund is heavily wounded.
Sigmund casts a spell.
Sigmund flickers and vanishes!
Deactivating autopickup; reactivate with Ctrl-A.
You claw something!
You hear some strange, mumbled words.
You are confused.
Something hits you.
You bump into the rock wall.
You hear some strange, mumbled words.
You are more confused.
You closely miss something. Your claw misses something.
You hear some strange, mumbled words.
A puff of flame appears from out of thin air!
The puff of flame hits you. You resist.
You miss something. Something hits you but does no damage.
You bump into the rock wall.
Something hits you.
You bump into the rock wall.
You bump into the rock wall.
You hear some strange, mumbled words.
You are more confused.
You bump into the rock wall.
You hear some strange, mumbled words.
You are more confused.
You barely miss something. Your claw misses something. Something hits you!
* * * LOW HITPOINT WARNING * * *
Something hits you!
You die...

#.#.# #.# #.#.# #.#
#.#.# ..# #.#.# #.#### #
#.#.# #....# .# #.#.####
#.##.#####..#
###......###...........#
................{......#
#####.##.###....@.......
####.##.# #.########.#.
#....##.# #.# #....##.#
#.. #....##.# ###
#....##.# ##....##.#
.......... ##....#


There were no monsters in sight!

Vanquished Creatures
  6 endoplasms (D:1)
  3 goblins (D:1)
  5 hobgoblins (D:1)
  2 jackals (D:1)
  A kobold (D:1)
  2 ball pythons (D:1)
  5 bats
  2 frilled lizards
  A rat (D:1)
27 creatures vanquished.

Notes
Turn   | Place    | Note
-------+----------+-------------------------------------------
     0 | D:1      | CowFu the Ghoul Monk began the quest for the Orb.
     0 | D:1      | Reached XP level 1. HP: 19/19 MP: 0/0
    47 | D:1      | Reached XP level 2. HP: 8/26 MP: 1/1
   400 | D:1      | Reached XP level 3. HP: 30/31 MP: 2/2
   427 | D:1      | Reached skill level 1 in Armour
   736 | D:2      | Noticed Sigmund
   770 | D:2      | Slain by Sigmund

Illustrated notes

Levels and vault maps discovered:
D:1:      minmay_arrival_checkered_box, layout_rooms
D:2:      layout_basic, uniq_sigmund

Skill      XL: |  1  2  3 |
---------------+----------+-----
Dodging        | 3 |  3.0
Armour         | 1 |  1.0
Fighting       | |  3.6
Stealth        | |  2.1
Unarmed Combat | |  3.7

Action                     || total
---------------------------++-------
  Melee: Unarmed           ||    91
         Punch             ||     1
    Use: Potion            ||     3
   Stab: Sleeping          ||     2
 Armour: Robe              ||    21
  Dodge: Dodged            ||    54

Table legend: (Time is in decaauts)
 A = Elapsed time spent in this place.
 B = Non-inter-level travel time spent in this place.
 C = Inter-level travel time spent in this place.
 D = Time resting spent in this place.
 E = Time spent auto-exploring this place.
 F = Levels seen in this place.
 G = Mean time per level.
                   A        B        C        D        E       F      G
               +--------+--------+--------+--------+--------+-----+--------+
         Total |    764 |    746 |     18 |      0 |    536 |   2 |  382.0 |
       Dungeon |    764 |    746 |     18 |      0 |    536 |   2 |  382.0 |
               +--------+--------+--------+--------+--------+-----+--------+

Top non-repeatable levels by time:
     D:1: 657 daAuts
     D:2: 107 daAuts
